AoeStats
← Marrueco

Arabia

507713978Analyzed
2v2 RM · 13d ago on Sep 19, 2026· 57m 47s· 4 players
Game mode
Random Map
Map size
Medium (4 player)
Population
200
Speed
Normal
Resources
Standard
Victory
Conquest
Starting age
Dark Age
Ending age
Imperial Age
RankedLock teamsTeams togetherTeam positionsShared explorationLock speedFull tech treeHidden civsTurbo modeCheats
Victory
Defeat
🇧🇪 Franks · Belgium
913
+19
🇩🇪 Franks · Germany
881
+20
🇹🇷 Mongols · Türkiye
982
-20
🇵🇪 Chinese · Peru
963
-19
Moirtin
7:38 Loom
10:06 Feudal Age
10:57 Double-Bit Axe
22:54 Castle Age
21:53 Forging
21:48 Scale Mail Armor
22:41 Arson
22:57 Gold Mining
24:13 Husbandry
24:52 Wheelbarrow
24:30 Bow Saw
24:14 Stone Mining
29:14 Town Watch
37:14 Imperial Age
34:51 Light Cavalry
36:24 Iron Casting
35:55 Scale Barding Armor
36:07 Chain Mail Armor
35:43 Fletching
36:31 Hand Cart
37:19 Cavalier
40:55 Hoardings
41:13 Conscription
41:52 Chivalry
42:22 Murder Holes
47:45 Blast Furnace
48:59 Paladin
53:43 Chain Barding Armor
53:57 Town Patrol
Katze Aus Kasachstan
11:37 Feudal Age
12:31 Double-Bit Axe
19:55 Castle Age
19:32 Forging
19:23 Scale Mail Armor
19:19 Gold Mining
21:39 Scale Barding Armor
23:56 Gold Shaft Mining
24:18 Bow Saw
29:59 Imperial Age
30:08 Stone Mining
36:12 Wheelbarrow
40:13 Hand Cart
44:48 Town Watch
46:27 Town Patrol
48:11 Murder Holes
54:46 Padded Archer Armor
54:36 Fletching
57:06 Leather Archer Armor
56:47 Bodkin Arrow
57:28 Iron Casting
58:48 Hoardings
Marrueco
0:26 Loom
11:16 Feudal Age
12:05 Double-Bit Axe
12:23 Loom
15:00 Fletching
19:34 Gold Mining
20:22 Wheelbarrow
25:20 Castle Age
23:51 Stone Mining
24:13 Scale Mail Armor
26:21 Bow Saw
25:35 Crossbowman
26:15 Bodkin Arrow
26:44 Padded Archer Armor
30:55 Thumb Ring
30:45 Town Watch
31:05 Horse Collar
32:37 Pikeman
33:19 Squires
34:00 Leather Archer Armor
35:56 Stone Shaft Mining
38:42 Forging
38:48 Chain Mail Armor
WarLorD
10:28 Feudal Age
10:49 Loom
17:10 Castle Age
15:49 Double-Bit Axe
17:28 Scale Barding Armor
18:25 Wheelbarrow
21:19 Horse Collar
25:55 Heavy Plow
27:39 Bow Saw
29:30 Hand Cart
30:33 Chain Barding Armor
34:26 Imperial Age
32:25 Town Watch
33:01 Murder Holes
33:17 Masonry
33:29 Ballistics
33:07 Fletching
33:19 Padded Archer Armor
33:22 Nomads
33:19 Gold Mining
35:23 Gold Shaft Mining
34:39 Stone Mining
35:11 Bloodlines
35:02 Husbandry
34:23 Light Cavalry
35:47 Drill
35:58 Forging
36:39 Conscription
38:17 Chemistry
37:11 Capped Ram
38:56 Iron Casting
38:33 Siege Engineers
41:40 Blast Furnace
40:38 Hussar
41:04 Elite Mangudai
42:35 Hoardings
42:08 Bodkin Arrow
45:08 Fortified Wall
44:50 Heavy Camel Rider
45:35 Heavy Scorpion
47:25 Bracer
47:41 Leather Archer Armor
48:58 Stone Shaft Mining
49:17 Siege Ram
56:03 Coinage
Connection lost

Rejoining the realm…

Still unreachable

The connection could not be restored.

Session expired

The server has moved on; the page needs a fresh start.